TOP OF THE 1ST |
Tulsa Drillers batting - Pitching for Mississippi Braves : LHP Fred Kelly
|
Pitching: LHP Fred Kelly
|
|
Batting: RHB Josh Crenwelge
|
0-0: Ball 1-0: Ground out 1-3 (Groundball, 15S, EV 65.6 MPH)
|
Batting: RHB Daniel Samano
|
0-0: Called Strike 0-1: Ball 1-1: Swinging Strike 1-2: Strikes out swinging
|
Batting: RHB Jonathan Kirsch
|
0-0: Foul Ball, location: 2F 0-1: Foul Ball, location: 2F 0-2: Ball 1-2: Ground out 4-3 (Groundball, 4, EV 88.8 MPH)
|
Top of the 1st over - 0 runs, 0 hits, 0 errors, 0 left on base; Tulsa 0 - Mississippi 0 |
BOTTOM OF THE 1ST |
Mississippi Braves batting - Pitching for Tulsa Drillers : RHP Isidro Aguirre
|
Pitching: RHP Isidro Aguirre
|
|
Batting: RHB Zheng-ze King
|
0-0: Called Strike 0-1: Ball 1-1: Ball 2-1: Ball 3-1: Called Strike 3-2: Strikes out swinging
|
Batting: RHB Justin Reich
|
0-0: DOUBLE (Flyball, 8RD, EV 89.4 MPH)
|
Batting: LHB Art D'Ascenzo
|
0-0: Ball 1-0: Called Strike 1-1: Ball 2-1: SINGLE (Flyball, 6MD, EV 81.2 MPH) Justin Reich to third
|
Batting: RHB Jose Ramos
|
0-0: Foul Ball, location: 2F 0-1: Ball 1-1: Called Strike 1-2: Strikes out looking
|
Batting: RHB Luis Restrepo
|
0-0: Called Strike 0-1: Called Strike 0-2: Fly out, F4 (Popup, 4, EV 52.5 MPH)
|
Bottom of the 1st over - 0 runs, 2 hits, 0 errors, 2 left on base; Tulsa 0 - Mississippi 0 |
TOP OF THE 2ND |
Tulsa Drillers batting - Pitching for Mississippi Braves : LHP Fred Kelly
|
Batting: RHB Nick Getz
|
0-0: Called Strike 0-1: Called Strike 0-2: SOLO HOME RUN (Flyball, 89XD, EV 99.4 MPH), Distance : 397 ft
|
Batting: SHB Nate Kopchak
|
0-0: Called Strike 0-1: Ball 1-1: Foul Ball, location: 2F 1-2: Hit by Pitch
|
Batting: RHB Tony Rivera
|
0-0: Ball 1-0: Ball 2-0: Ball 3-0: Base on Balls Nate Kopchak to second
|
Batting: RHB Marcos Villalobos
|
0-0: Ball 1-0: Swinging Strike 1-1: Ball 2-1: Ball 3-1: Swinging Strike 3-2: SINGLE (Groundball, 6MD, EV 103.8 MPH) Nate Kopchak to third Tony Rivera to second Runner from 3rd tries for Home, throw by CF and OUT! 8-2
|
Batting: SHB Justin Toth
|
0-0: Called Strike 0-1: Fly out, F8 (Flyball, 89M, EV 90.6 MPH)
|
Batting: RHB Robby Cuellar
|
0-0: Ball 1-0: Ball 2-0: Foul Ball, location: 2F 2-1: Called Strike 2-2: Strikes out swinging
|
Top of the 2nd over - 1 run, 2 hits, 0 errors, 2 left on base; Tulsa 1 - Mississippi 0 |
BOTTOM OF THE 2ND |
Mississippi Braves batting - Pitching for Tulsa Drillers : RHP Isidro Aguirre
|
Batting: LHB Sal Fernandez
|
0-0: Called Strike 0-1: Swinging Strike 0-2: Ball 1-2: Foul Ball, location: 2F 1-2: Foul Ball, location: 2F 1-2: Strikes out swinging
|
Batting: RHB Hieronim Rutkowski
|
0-0: Called Strike 0-1: Foul Ball, location: 2F 0-2: Strikes out looking
|
Batting: SHB Jose Melendez
|
0-0: Called Strike 0-1: Ball 1-1: Foul Ball, location: 2F 1-2: Strikes out swinging
|
Bottom of the 2nd over - 0 runs, 0 hits, 0 errors, 0 left on base; Tulsa 1 - Mississippi 0 |
TOP OF THE 3RD |
Tulsa Drillers batting - Pitching for Mississippi Braves : LHP Fred Kelly
|
Batting: RHB Josh Crenwelge
|
0-0: Ball 1-0: Ball 2-0: Ball 3-0: Called Strike 3-1: Called Strike 3-2: Foul Ball, location: 2F 3-2: SOLO HOME RUN (Flyball, 7D, EV 99.4 MPH), Distance : 395 ft
|
Batting: RHB Daniel Samano
|
0-0: Ball 1-0: Ball 2-0: SINGLE (Groundball, 56, EV 96.9 MPH)
|
Batting: RHB Jonathan Kirsch
|
0-0: Ball 1-0: Ball 2-0: Called Strike 2-1: Foul Ball, location: 2F 2-2: Ground out 6-3 (Groundball, 6MS, EV 73.8 MPH) Daniel Samano to second
|
Batting: RHB Nick Getz
|
0-0: Ball 1-0: Fly out, F9 (Flyball, 9D, EV 93.8 MPH) Runner from 2nd tags up, SAFE at 3rd, no throw by RF
|
Batting: SHB Nate Kopchak
|
0-0: Called Strike 0-1: Foul Ball, location: 2F 0-2: Strikes out swinging
|
Top of the 3rd over - 1 run, 2 hits, 0 errors, 1 left on base; Tulsa 2 - Mississippi 0 |
BOTTOM OF THE 3RD |
Mississippi Braves batting - Pitching for Tulsa Drillers : RHP Isidro Aguirre
|
Batting: LHB Fred Arends
|
0-0: Called Strike 0-1: Ball 1-1: Ball 2-1: Foul Ball, location: 2F 2-2: Foul Ball, location: 2F 2-2: Strikes out swinging
|
Batting: RHB Zheng-ze King
|
0-0: Ball 1-0: Called Strike 1-1: Ball 2-1: Ground out 5-3 (Groundball, 56S, EV 69.4 MPH)
|
Batting: RHB Justin Reich
|
0-0: Ball 1-0: Foul Ball, location: 2F 1-1: Ball 2-1: Foul Ball, location: 2F 2-2: Foul Ball, location: 2F 2-2: Foul Ball, location: 2F 2-2: Ball 3-2: Foul Ball, location: 2F 3-2: Foul Ball, location: 2F 3-2: Fly out, F9 (Flyball, 9LS, EV 92.5 MPH)
|
Bottom of the 3rd over - 0 runs, 0 hits, 0 errors, 0 left on base; Tulsa 2 - Mississippi 0 |
TOP OF THE 4TH |
Tulsa Drillers batting - Pitching for Mississippi Braves : LHP Fred Kelly
|
Batting: RHB Tony Rivera
|
0-0: Ball 1-0: Called Strike 1-1: Ground out 6-3 (Groundball, 6S, EV 80.6 MPH)
|
Batting: RHB Marcos Villalobos
|
0-0: Foul Ball, location: 2F 0-1: Ball 1-1: Ball 2-1: Foul Ball, location: 2F 2-2: Ground out 6-3 (Groundball, 6, EV 77.5 MPH)
|
Batting: SHB Justin Toth
|
0-0: Ball 1-0: Ball 2-0: Ground out 2-3 (Groundball, 13S, EV 69.4 MPH)
|
Top of the 4th over - 0 runs, 0 hits, 0 errors, 0 left on base; Tulsa 2 - Mississippi 0 |
BOTTOM OF THE 4TH |
Mississippi Braves batting - Pitching for Tulsa Drillers : RHP Isidro Aguirre
|
Batting: LHB Art D'Ascenzo
|
0-0: Ball 1-0: Foul Ball, location: 2F 1-1: Swinging Strike 1-2: Strikes out looking
|
Batting: RHB Jose Ramos
|
0-0: Ball 1-0: Ball 2-0: SOLO HOME RUN (Flyball, 9D, EV 101.2 MPH), Distance : 375 ft
|
Batting: RHB Luis Restrepo
|
0-0: Called Strike 0-1: Called Strike 0-2: Ball 1-2: Foul Ball, location: 2F 1-2: Ball 2-2: Ball 3-2: Foul Ball, location: 2F 3-2: Base on Balls
|
Batting: LHB Sal Fernandez
|
0-0: Ball Luis Restrepo steals 2nd base (no throw) 1-0: Ball Luis Restrepo steals 3rd base (no throw) 2-0: Ball 3-0: Base on Balls
|
Batting: RHB Hieronim Rutkowski
|
0-0: Called Strike 0-1: Foul Ball, location: 2F 0-2: Fly out, F8 (Line Drive, 8LM, EV 97.5 MPH)
|
Batting: SHB Jose Melendez
|
0-0: Ball 1-0: Called Strike 1-1: SINGLE (Groundball, 5S, EV 65.6 MPH) (infield hit) Luis Restrepo scores Sal Fernandez to second
|
Batting: LHB Fred Arends
|
0-0: Ball 1-0: Ball 2-0: Called Strike 2-1: Swinging Strike 2-2: Foul Ball, location: 2F 2-2: Ball 3-2: Ground out 1-3 (Groundball, P, EV 70.6 MPH)
|
Bottom of the 4th over - 2 runs, 2 hits, 0 errors, 2 left on base; Tulsa 2 - Mississippi 2 |
TOP OF THE 5TH |
Tulsa Drillers batting - Pitching for Mississippi Braves : LHP Fred Kelly
|
Batting: RHB Robby Cuellar
|
0-0: Called Strike 0-1: Ball 1-1: Called Strike 1-2: Ball 2-2: Ball 3-2: Foul Ball, location: 2F 3-2: Base on Balls
|
Batting: RHB Josh Crenwelge
|
0-0: Called Strike 0-1: Foul Ball, location: 2F 0-2: Ball 1-2: Ball 2-2: TRIPLE (Flyball, 89XD, EV 98.8 MPH) Robby Cuellar scores
|
Batting: RHB Daniel Samano
|
0-0: Swinging Strike 0-1: Ball 1-1: Foul Ball, location: 2F 1-2: Strikes out swinging
|
Batting: RHB Jonathan Kirsch
|
0-0: DOUBLE (Flyball, 89XD, EV 112.5 MPH) Josh Crenwelge scores
|
Batting: RHB Nick Getz
|
0-0: Called Strike 0-1: Called Strike 0-2: Ball 1-2: Ball 2-2: SINGLE (Groundball, 6, EV 95.0 MPH) Jonathan Kirsch to third Runner from 3rd tries for Home, SAFE, throw by LF to home
|
Pitching: RHP Frank Diaz
|
|
Batting: SHB Nate Kopchak
|
0-0: Ball Wild Pitch! Nick Getz to second 1-0: Fly out, F8 (Flyball, 8LXD, EV 105.0 MPH) Runner from 2nd tags up, SAFE at 3rd, no throw by CF
|
Batting: RHB Tony Rivera
|
0-0: Swinging Strike 0-1: Foul Ball, location: 2F 0-2: Ball 1-2: Ground out 5-3 (Groundball, 56, EV 80.6 MPH)
|
Top of the 5th over - 3 runs, 3 hits, 0 errors, 1 left on base; Tulsa 5 - Mississippi 2 |
BOTTOM OF THE 5TH |
Mississippi Braves batting - Pitching for Tulsa Drillers : RHP Isidro Aguirre
|
Batting: RHB Zheng-ze King
|
0-0: Swinging Strike 0-1: Foul Ball, location: 2F 0-2: Ground out 5-3 (Groundball, 56, EV 93.8 MPH)
|
Batting: RHB Justin Reich
|
0-0: Ground out 6-3 (Groundball, 6M, EV 105.0 MPH)
|
Batting: LHB Art D'Ascenzo
|
0-0: Ball 1-0: Called Strike 1-1: Ball 2-1: Ball 3-1: Base on Balls
|
Batting: RHB Jose Ramos
|
0-0: Ball 1-0: Called Strike 1-1: Ball Art D'Ascenzo is caught stealing 2nd base 2-4
|
Bottom of the 5th over - 0 runs, 0 hits, 0 errors, 0 left on base; Tulsa 5 - Mississippi 2 |
TOP OF THE 6TH |
Tulsa Drillers batting - Pitching for Mississippi Braves : RHP Frank Diaz
|
Batting: RHB Marcos Villalobos
|
0-0: Ball 1-0: Fly out, F3 (Flyball, 3D, EV 88.8 MPH)
|
Batting: SHB Justin Toth
|
0-0: Ball 1-0: Foul Ball, location: 2F 1-1: Called Strike 1-2: Ground out 1-3 (Groundball, 34S, EV 75.0 MPH)
|
Batting: RHB Robby Cuellar
|
0-0: Foul Ball, location: 2F 0-1: Ground out 6-3 (Groundball, 6, EV 88.8 MPH)
|
Top of the 6th over - 0 runs, 0 hits, 0 errors, 0 left on base; Tulsa 5 - Mississippi 2 |
BOTTOM OF THE 6TH |
Mississippi Braves batting - Pitching for Tulsa Drillers : RHP Isidro Aguirre
|
Batting: RHB Jose Ramos
|
0-0: SOLO HOME RUN (Flyball, 78XD, EV 100.0 MPH), Distance : 398 ft
|
Batting: RHB Luis Restrepo
|
0-0: Called Strike 0-1: Ball 1-1: Called Strike 1-2: Ball 2-2: Ball 3-2: Strikes out swinging
|
Pitching: LHP William Lobo
|
|
Batting: LHB Sal Fernandez
|
0-0: Foul Ball, location: 2F 0-1: Called Strike 0-2: SINGLE (Groundball, 34D, EV 110.0 MPH)
|
Batting: RHB Hieronim Rutkowski
|
0-0: DOUBLE (Flyball, 8RXD, EV 115.6 MPH) Sal Fernandez to third
|
Batting: SHB Jose Melendez
|
0-0: Ball 1-0: Ball 2-0: Ball 3-0: Called Strike 3-1: Base on Balls
|
Pinch Hitting: RHB Tim Molchan
|
0-0: Called Strike 0-1: Ball 1-1: Foul Ball, location: 2F 1-2: Strikes out swinging
|
Batting: RHB Zheng-ze King
|
0-0: Ball 1-0: Foul Ball, location: 2F 1-1: Foul Ball, location: 2F 1-2: Ground out 4-3 (Groundball, 4, EV 86.9 MPH)
|
Bottom of the 6th over - 1 run, 3 hits, 0 errors, 3 left on base; Tulsa 5 - Mississippi 3 |
TOP OF THE 7TH |
Tulsa Drillers batting - Pitching for Mississippi Braves : RHP Frank Diaz
|
Now in RF: Yojiro Hayashi
|
|
Batting: RHB Josh Crenwelge
|
0-0: Ball 1-0: Swinging Strike 1-1: Foul Ball, location: 2F 1-2: Ball 2-2: Fly out, F3 (Popup, 34S, EV 64.4 MPH)
|
Batting: RHB Daniel Samano
|
0-0: Ball 1-0: Ball 2-0: Ball 3-0: Called Strike 3-1: Ground out 6-3 (Groundball, 56D, EV 106.2 MPH)
|
Batting: RHB Jonathan Kirsch
|
0-0: Called Strike 0-1: Called Strike 0-2: SINGLE (Line Drive, 3D, EV 96.9 MPH)
|
Batting: RHB Nick Getz
|
0-0: Ball 1-0: Fielders Choice at 2nd, 6-4 (Groundball, 6, EV 85.6 MPH)
|
Top of the 7th over - 0 runs, 1 hit, 0 errors, 1 left on base; Tulsa 5 - Mississippi 3 |
BOTTOM OF THE 7TH |
Mississippi Braves batting - Pitching for Tulsa Drillers : LHP William Lobo
|
Batting: RHB Justin Reich
|
0-0: Ball 1-0: Ball 2-0: Called Strike 2-1: Fly out, F9 (Flyball, 9LS, EV 77.5 MPH)
|
Batting: LHB Art D'Ascenzo
|
0-0: Foul Ball, location: 2F 0-1: Swinging Strike 0-2: Ball 1-2: Strikes out swinging
|
Batting: RHB Jose Ramos
|
0-0: Ball 1-0: Foul Ball, location: 2F 1-1: Ball 2-1: Called Strike 2-2: Ball 3-2: Foul Ball, location: 2F 3-2: Strikes out looking
|
Bottom of the 7th over - 0 runs, 0 hits, 0 errors, 0 left on base; Tulsa 5 - Mississippi 3 |
TOP OF THE 8TH |
Tulsa Drillers batting - Pitching for Mississippi Braves : RHP Frank Diaz
|
Pitching: RHP Nate Bixler
|
|
Batting: SHB Nate Kopchak
|
0-0: Ball 1-0: Ball 2-0: Ball 3-0: Called Strike 3-1: Base on Balls
|
Batting: RHB Tony Rivera
|
0-0: Bunted foul 0-1: Sac Bunt to 2R - play at first, batter OUT! 2-3 Nate Kopchak to second
|
Batting: RHB Marcos Villalobos
|
0-0: Ball 1-0: Called Strike 1-1: Swinging Strike 1-2: Strikes out looking
|
Batting: SHB Justin Toth
|
0-0: Intentional Walk
|
Batting: RHB Robby Cuellar
|
0-0: Called Strike 0-1: Foul Ball, location: 2F 0-2: Ball 1-2: Ball 2-2: Ball 3-2: Base on Balls Nate Kopchak to third Justin Toth to second
|
Batting: RHB Josh Crenwelge
|
0-0: Ball 1-0: Fly out, F3 (Line Drive, 34, EV 68.8 MPH)
|
Top of the 8th over - 0 runs, 0 hits, 0 errors, 3 left on base; Tulsa 5 - Mississippi 3 |
BOTTOM OF THE 8TH |
Mississippi Braves batting - Pitching for Tulsa Drillers : LHP William Lobo
|
Pitching: RHP Josh Weiser
|
|
Batting: RHB Luis Restrepo
|
0-0: Ground out 5-3 (Groundball, 25, EV 88.8 MPH)
|
Pitching: RHP Jordan Arredondo
|
|
Batting: LHB Sal Fernandez
|
0-0: Swinging Strike 0-1: Called Strike 0-2: Strikes out looking
|
Batting: RHB Hieronim Rutkowski
|
0-0: Called Strike 0-1: Ball 1-1: Foul Ball, location: 2F 1-2: DOUBLE (Flyball, 8LXD, EV 103.1 MPH)
|
Batting: SHB Jose Melendez
|
0-0: Called Strike 0-1: Ball 1-1: Foul Ball, location: 2F 1-2: Foul Ball, location: 2F 1-2: DOUBLE (Line Drive, 78M, EV 103.1 MPH) Hieronim Rutkowski scores
|
Batting: RHB Yojiro Hayashi
|
0-0: Ground out 5-3 (Groundball, 5, EV 85.6 MPH)
|
Bottom of the 8th over - 1 run, 2 hits, 0 errors, 1 left on base; Tulsa 5 - Mississippi 4 |
TOP OF THE 9TH |
Tulsa Drillers batting - Pitching for Mississippi Braves : RHP Nate Bixler
|
Pitching: RHP Thomas Crowner
|
|
Pinch Hitting: LHB Kevin Wiebe
|
0-0: Ball 1-0: Foul Ball, location: 2F 1-1: DOUBLE (Line Drive, 9LM, EV 106.9 MPH)
|
Batting: RHB Jonathan Kirsch
|
0-0: Swinging Strike 0-1: Ball 1-1: Fly out, F7 (Flyball, 78M, EV 90.6 MPH)
|
Batting: RHB Nick Getz
|
0-0: Swinging Strike 0-1: Foul Ball, location: 2F 0-2: Foul Ball, location: 2F 0-2: Strikes out swinging
|
Batting: SHB Nate Kopchak
|
0-0: Intentional Walk
|
Batting: RHB Tony Rivera
|
0-0: Called Strike 0-1: Ball 1-1: Swinging Strike 1-2: Strikes out looking
|
Top of the 9th over - 0 runs, 1 hit, 0 errors, 2 left on base; Tulsa 5 - Mississippi 4 |
BOTTOM OF THE 9TH |
Mississippi Braves batting - Pitching for Tulsa Drillers : RHP Jordan Arredondo
|
Pitching: RHP Etsuji Kawasaki
|
|
Now at C: Aaron Burress
|
|
Batting: RHB Zheng-ze King
|
0-0: Swinging Strike 0-1: Ball 1-1: Swinging Strike 1-2: Fly out, F9 (Flyball, 9, EV 87.5 MPH)
|
Pinch Hitting: LHB Cesar Arteaga
|
0-0: Called Strike 0-1: Swinging Strike 0-2: Fly out, F7 (Flyball, 78M, EV 76.2 MPH)
|
Batting: LHB Art D'Ascenzo
|
0-0: Ball 1-0: Foul Ball, location: 2F 1-1: Swinging Strike 1-2: Foul Ball, location: 2F 1-2: Strikes out swinging
|
Bottom of the 9th over - 0 runs, 0 hits, 0 errors, 0 left on base; Tulsa 5 - Mississippi 4 |
|